 Dungeon Crawl Stone Soup version 0.23.1-44-gbd83930989 (webtiles) character file.

Game seed: 2115854764721104137

156 PentaManta the Ducker (level 5, 0/37 HPs)
             Began as an Octopode Fighter on Mar 30, 2019.
             Succumbed to an adder's poison
             ... on level 3 of the Dungeon.
             The game lasted 00:04:56 (3094 turns).

PentaManta the Ducker (Octopode Fighter)            Turns: 3094, Time: 00:04:56

Health: 0/37       AC:  1    Str: 15    XL:     5   Next: 38%
Magic:  5/5        EV: 12    Int: 10    God:
Gold:   172        SH:  8    Dex: 13    Spells: 4/4 levels left

rFire    . . .     SeeInvis .   a - +0 long sword
rCold    . . .     Gourm    .   b - +0 shield
rNeg     . . .     Faith    .   (helmet restricted)
rPois    .         Spirit   .   r - amulet of rage
rElec    .         Reflect  .   s - ring of resist corrosion
rCorr    +         Harm     .   (no ring)
MR       .....                  (no ring)
Stlth    ++........             (no ring)
HPRegen  0.12/turn              (no ring)
MPRegen  0.09/turn              (no ring)
                                (no ring)
                                (no ring)

@: lethally poisoned (0 -> -10), berserk cooldown, slowed, very slow
A: almost no armour, stealthy swim, amphibious, 8 rings, constrict 8, camouflage
1, gelatinous body 1
a: Evoke Berserk Rage


You were on level 3 of the Dungeon.
You were very hungry.

You visited 1 branch of the dungeon, and saw 3 of its levels.

You collected 172 gold pieces.

Inventory:

Hand Weapons
 a - a +0 long sword (weapon)
Armour
 b - a +0 shield (worn)
Jewellery
 r - an amulet of rage (around mantle)
 s - a ring of resist corrosion (left tentacle)
Scrolls
 e - 2 scrolls of random uselessness {unknown}
 f - 2 scrolls of teleportation {unknown}
 j - 4 scrolls of identify {unknown}
 k - a scroll of fear {unknown}
 n - a scroll of immolation {unknown}
 o - 2 scrolls of remove curse {unknown}
Potions
 c - a potion of might
 g - a potion of resistance {unknown}
 h - a potion of lignification {unknown}
 i - a potion of flight {unknown}
 l - 3 potions of agility {unknown}
 m - a potion of invisibility {unknown}
 p - a potion of curing {unknown}
 q - a potion of brilliance {unknown}
Comestibles
 d - 6 rations


   Skills:
 - Level 4.0 Fighting
 * Level 3.7 Long Blades
 + Level 4.1 Dodging
 - Level 3.0 Shields


You had 4 spell levels left.
You didn't know any spells.
Your spell library was empty.

Dungeon Overview and Level Annotations

Branches:
Dungeon (3/15)

Altars:
Uskayaw
The Shining One


Innate Abilities, Weirdness & Mutations

You cannot wear most types of armour.
You are very stealthy in the water. (Stealth+)
You are amphibious.
You can wear up to eight rings at the same time.
You can use your tentacles to constrict eight enemies at once.
Your skin changes colour to match your surroundings (Stealth+).
Your rubbery body absorbs attacks. (AC +1, EV +1)


Message History

You squeeze the frilled lizard.
You kill the frilled lizard!
* * * LOW HITPOINT WARNING * * *
You feel sick.
* * * LOW HITPOINT WARNING * * *
You feel sick.
A kobold comes into view. It is wielding a +0 whip.
You feel a strong urge to attack something.
* * * LOW HITPOINT WARNING * * *
You feel sick.
The kobold throws a stone.
You block the stone.
You are no longer berserk.
You are exhausted.
You feel yourself slow down.
* * * LOW HITPOINT WARNING * * *
You feel sick.
* * * LOW HITPOINT WARNING * * *
You feel sick.
The kobold throws a stone.
The stone completely misses you.
The kobold throws a stone.
You block the stone.
You see here 2 stones.
You die...

##.#..#.## ##.#..#.##
##.#..#.##.
##.#..#.##.K##
#......###.)†###
#+#.#..#.###...###
..# #.#..#.###...#
#.# ###.#..#.###(#
#.# ###.#..#.#@# #.#
###.#..#.### #.#
###.#....# #.#
###..#.# #.# #.# ###
####.#####.# #.# #.#
#.)....÷...# #.# #.#
#..#######.# #.# ###
##.## #..#######.#
#.# ..#
#...######..........#
#.#


There were no monsters in sight!

Vanquished Creatures
  Jessica (D:2)
  5 adders (D:3)
  3 worms
  3 leopard geckos (D:1)
  4 orcs (D:3)
  13 goblins
  6 hobgoblins
  3 jackals (D:1)
  2 quokkas
  7 bats
  5 frilled lizards
  11 kobolds
  9 rats
72 creatures vanquished.

Notes
Turn   | Place    | Note
-------+----------+-------------------------------------------
     0 | D:1      | PentaManta the Octopode Fighter began the quest for the
                  | Orb.
     0 | D:1      | Reached XP level 1. HP: 16/16 MP: 1/1
   116 | D:1      | Reached XP level 2. HP: 10/21 MP: 2/2
   866 | D:1      | Reached XP level 3. HP: 19/26 MP: 3/3
  1370 | D:2      | Noticed Jessica
  1388 | D:2      | Killed Jessica
  1388 | D:2      | Reached XP level 4. HP: 14/33 MP: 4/4
  1661 | D:2      | Found a hide-covered altar of Uskayaw.
  2793 | D:3      | Found a glowing golden altar of the Shining One.
  2806 | D:3      | Reached XP level 5. HP: 37/37 MP: 5/5
  3094 | D:3      | Succumbed to an adder's poison

Skill      XL: |  1  2  3  4  5 |
---------------+----------------+-----
Long Blades    | 3 |  3.7
Fighting       | 4 |  4.0
Dodging        | 4 |  4.1
Shields        | |  3.0

Action                   |  1- 3 |  4- 6 || total
-------------------------+-------+-------++-------
Melee: Unarmed           |    87 |    80 ||   167
       Constrict         |    33 |    31 ||    64
       Tentacles         |    16 |    17 ||    33
       Long sword        |       |    19 ||    19
 Abil: Evoke Berserk Rag |       |     1 ||     1
 Stab: Sleeping          |       |     5 ||     5
  Eat: Chunk             |     1 |     2 ||     3
       Ration            |       |     1 ||     1
Armor: Skin              |     3 |    10 ||    13
Dodge: Dodged            |    39 |    38 ||    77
Block: Shield            |    37 |    25 ||    62
       Rpst.: Long sword |       |     2 ||     2
